BR
ONTARIO EMUS @ PUNTA CANA HUTIAS
08/21/2027
 
TOP OF THE 1ST
Ontario Emus batting - Pitching for Punta Cana Hutias : RHP Paul Lorenzo
Pitching: RHP Paul Lorenzo
Batting: RHB Álex Ochoa 0-0: Called Strike
0-1: Ground out 1-3 (Groundball, 13S)
Batting: RHB Gustavo Medine 0-0: Called Strike
0-1: Foul Ball, location: 2F
0-2: Ball
1-2: Ground out 5-3 (Groundball, 56)
Batting: LHB Pablo Alvarado 0-0: Ball
1-0: Foul Ball, location: 2F
1-1: Foul Ball, location: 2F
1-2: Foul Ball, location: 2F
1-2: Strikes out looking
Top of the 1st over - 0 run(s), 0 hit(s), 0 error(s), 0 left on base; Ontario 0 - Punta Cana 0
BOTTOM OF THE 1ST
Punta Cana Hutias batting - Pitching for Ontario Emus : RHP Dan Catron
Pitching: RHP Dan Catron
Batting: RHB Alejandro Ramírez 0-0: Called Strike
0-1: Ball
1-1: Ball
2-1: Foul Ball, location: 2F
2-2: Strikes out looking
Batting: RHB Edgardo Vásquez 0-0: Called Strike
0-1: Swinging Strike
0-2: Foul Ball, location: 2F
0-2: Ball
1-2: Strikes out swinging
Batting: LHB Ernesto Meléndez 0-0: Ground out 4-3 (Groundball, 4S)
Bottom of the 1st over - 0 run(s), 0 hit(s), 0 error(s), 0 left on base; Ontario 0 - Punta Cana 0
TOP OF THE 2ND
Ontario Emus batting - Pitching for Punta Cana Hutias : RHP Paul Lorenzo
Batting: LHB Elvin Summers 0-0: Called Strike
0-1: Called Strike
0-2: Ball
1-2: Ground out 4-3 (Groundball, 4)
Batting: LHB Horace Kramer 0-0: Ball
1-0: Foul Ball, location: 2F
1-1: Ball
2-1: Foul Ball, location: 2F
2-2: Foul Ball, location: 2F
2-2: Ball
3-2: SINGLE (Groundball, 34D)
Batting: RHB Jack Crossey 0-0: Ball
1-0: Ball
2-0: Ball
3-0: Base on Balls
Horace Kramer to second
Batting: RHB Álex Martínez 0-0: Ball
1-0: Ground out 5-3 (Groundball, 56S)
Horace Kramer to third
Jack Crossey to second
Pitching: LHP Carlos Martínez
Batting: RHB Bill Bourland 0-0: Ball
1-0: Swinging Strike
1-1: Reached on error, E5 (Line Drive, 56)
Horace Kramer scores
Jack Crossey to third
Batting: SHB Pete Jones 0-0: Ball
1-0: Ball
2-0: Called Strike
2-1: SINGLE (Flyball, 7S)
Jack Crossey scores
Bill Bourland to second
Batting: RHB Álex Ochoa 0-0: Foul Ball, location: 2F
0-1: Called Strike
0-2: Strikes out swinging
Top of the 2nd over - 2 run(s), 2 hit(s), 1 error(s), 2 left on base; Ontario 2 - Punta Cana 0
BOTTOM OF THE 2ND
Punta Cana Hutias batting - Pitching for Ontario Emus : RHP Dan Catron
Batting: LHB Juan Rodríguez 0-0: Called Strike
0-1: Ball
1-1: Ball
2-1: Called Strike
2-2: Fly out, F8 (Flyball, 8RM)
Batting: LHB Justin McCoy 0-0: Fly out, F6 (Line Drive, 6)
Batting: SHB Alonso Contrera 0-0: Called Strike
0-1: Reached on error, E4 (Groundball, 34)
Batting: RHB Ben Kearley 0-0: Hit by Pitch
Alonso Contrera to second
Batting: RHB Millard Ferguson 0-0: Swinging Strike
0-1: Ball
1-1: Ball
2-1: Ball
3-1: Foul Ball, location: 2F
3-2: Strikes out looking
Bottom of the 2nd over - 0 run(s), 0 hit(s), 1 error(s), 2 left on base; Ontario 2 - Punta Cana 0
TOP OF THE 3RD
Ontario Emus batting - Pitching for Punta Cana Hutias : LHP Carlos Martínez
Batting: RHB Gustavo Medine 0-0: Swinging Strike
0-1: Ball
1-1: Foul Ball, location: 2F
1-2: Foul Ball, location: 2F
1-2: Ground out 6-3 (Groundball, 6MD)
Batting: LHB Pablo Alvarado 0-0: Ball
1-0: Foul Ball, location: 2F
1-1: Called Strike
1-2: Fly out, F7 (Line Drive, 7S)
Batting: LHB Elvin Summers 0-0: SINGLE (Groundball, 5L) (infield hit)
Batting: LHB Horace Kramer 0-0: Ball
1-0: Fly out, F7 (Line Drive, 7)
Top of the 3rd over - 0 run(s), 1 hit(s), 0 error(s), 1 left on base; Ontario 2 - Punta Cana 0
BOTTOM OF THE 3RD
Punta Cana Hutias batting - Pitching for Ontario Emus : RHP Dan Catron
Batting: RHB Ricardo Murillo 0-0: Called Strike
0-1: Ball
1-1: Called Strike
1-2: Fly out, F8 (Flyball, 78D)
Batting: RHB Alejandro Ramírez 0-0: Ball
1-0: Foul Ball, location: 2F
1-1: Ball
2-1: SINGLE (Flyball, 8LS)
Batting: RHB Edgardo Vásquez 0-0: Grounds into double play, 6-4-3 (Groundball, 6)
Bottom of the 3rd over - 0 run(s), 1 hit(s), 0 error(s), 0 left on base; Ontario 2 - Punta Cana 0
TOP OF THE 4TH
Ontario Emus batting - Pitching for Punta Cana Hutias : LHP Carlos Martínez
Batting: RHB Jack Crossey 0-0: Swinging Strike
0-1: Foul Ball, location: 2F
0-2: Ball
1-2: Strikes out swinging
Batting: RHB Álex Martínez 0-0: Ball
1-0: Ball
2-0: Swinging Strike
2-1: Ball
3-1: Foul Ball, location: 2F
3-2: Strikes out looking
Batting: RHB Bill Bourland 0-0: Ball
1-0: Called Strike
1-1: Foul Ball, location: 2F
1-2: Strikes out swinging
Top of the 4th over - 0 run(s), 0 hit(s), 0 error(s), 0 left on base; Ontario 2 - Punta Cana 0
BOTTOM OF THE 4TH
Punta Cana Hutias batting - Pitching for Ontario Emus : RHP Dan Catron
Batting: LHB Ernesto Meléndez 0-0: Ball
1-0: Called Strike
1-1: Foul Ball, location: 2F
1-2: Foul Ball, location: 2F
1-2: Ball
2-2: Foul Ball, location: 2F
2-2: Ball
3-2: Base on Balls
Batting: LHB Juan Rodríguez 0-0: Fly out, F4 (Popup, 3D)
Batting: LHB Justin McCoy 0-0: Foul Ball, location: 2F
0-1: Ball
1-1: Foul Ball, location: 2F
1-2: Ball
2-2: 2-RUN HOME RUN (Flyball, 8RXD), Distance : 446 ft
Batting: SHB Alonso Contrera 0-0: Ball
1-0: Called Strike
1-1: Called Strike
1-2: Ball
2-2: DOUBLE (Groundball, 3L)
Batting: RHB Ben Kearley 0-0: Called Strike
0-1: Called Strike
0-2: Ball
1-2: Ball
2-2: Ball
3-2: Fly out, F4 (Popup, 4)
Batting: RHB Millard Ferguson 0-0: Called Strike
0-1: Called Strike
0-2: Foul Ball, location: 2F
0-2: Ball
1-2: Strikes out swinging
Bottom of the 4th over - 2 run(s), 2 hit(s), 0 error(s), 1 left on base; Ontario 2 - Punta Cana 2
TOP OF THE 5TH
Ontario Emus batting - Pitching for Punta Cana Hutias : LHP Carlos Martínez
Batting: SHB Pete Jones 0-0: Swinging Strike
0-1: Swinging Strike
0-2: Strikes out swinging
Batting: RHB Álex Ochoa 0-0: SOLO HOME RUN (Flyball, 78XD), Distance : 420 ft
Batting: RHB Gustavo Medine 0-0: Called Strike
0-1: Ball
1-1: Ball
2-1: Swinging Strike
2-2: SINGLE (Line Drive, 89S)
Pitching: RHP Ed Weaver
Batting: LHB Pablo Alvarado 0-0: Called Strike
0-1: Foul Ball, location: 2F
0-2: Strikes out swinging
Batting: LHB Elvin Summers 0-0: Ball
1-0: Ball
2-0: 2-RUN HOME RUN (Flyball, 9D), Distance : 384 ft
Batting: LHB Horace Kramer 0-0: Ball
1-0: Ball
2-0: Foul Ball, location: 2F
2-1: Called Strike
2-2: Ball
3-2: Foul Ball, location: 2F
3-2: Ground out 4-3 (Groundball, 4D)
Top of the 5th over - 3 run(s), 3 hit(s), 0 error(s), 0 left on base; Ontario 5 - Punta Cana 2
BOTTOM OF THE 5TH
Punta Cana Hutias batting - Pitching for Ontario Emus : RHP Dan Catron
Batting: RHB Ricardo Murillo 0-0: Called Strike
0-1: Called Strike
0-2: Ball
1-2: Strikes out swinging
Batting: RHB Alejandro Ramírez 0-0: Swinging Strike
0-1: Fly out, F9 (Flyball, 9LSF)
Batting: RHB Edgardo Vásquez 0-0: Ball
1-0: Ball
2-0: Ball
3-0: Called Strike
3-1: Base on Balls
Batting: LHB Ernesto Meléndez 0-0: Swinging Strike
0-1: Called Strike
0-2: Ball
1-2: Strikes out swinging
Bottom of the 5th over - 0 run(s), 0 hit(s), 0 error(s), 1 left on base; Ontario 5 - Punta Cana 2
TOP OF THE 6TH
Ontario Emus batting - Pitching for Punta Cana Hutias : RHP Ed Weaver
Batting: RHB Jack Crossey 0-0: Ball
1-0: Called Strike
1-1: Called Strike
1-2: SINGLE (Groundball, 3D)
Batting: RHB Álex Martínez 0-0: Foul Ball, location: 2F
0-1: Foul Ball, location: 2F
0-2: Foul Ball, location: 2F
0-2: Strikes out swinging
Batting: RHB Bill Bourland 0-0: Ball
1-0: Grounds into double play, 6-4-3 (Groundball, 56)
Top of the 6th over - 0 run(s), 1 hit(s), 0 error(s), 0 left on base; Ontario 5 - Punta Cana 2
BOTTOM OF THE 6TH
Punta Cana Hutias batting - Pitching for Ontario Emus : RHP Dan Catron
Pitching: LHP Tom Martin
Batting: LHB Juan Rodríguez 0-0: Called Strike
0-1: Foul Ball, location: 2F
0-2: Strikes out swinging
Batting: LHB Justin McCoy 0-0: Ball
1-0: Foul Ball, location: 2F
1-1: Ball
2-1: Called Strike
2-2: Strikes out swinging
Batting: SHB Alonso Contrera 0-0: Ball
1-0: Foul Ball, location: 2F
1-1: Ball
2-1: Ground out 6-3 (Groundball, 6)
Bottom of the 6th over - 0 run(s), 0 hit(s), 0 error(s), 0 left on base; Ontario 5 - Punta Cana 2
TOP OF THE 7TH
Ontario Emus batting - Pitching for Punta Cana Hutias : RHP Ed Weaver
Batting: SHB Pete Jones 0-0: Called Strike
0-1: Ball
1-1: Ball
2-1: Fly out, F7 (Flyball, 7S)
Batting: RHB Álex Ochoa 0-0: Called Strike
0-1: Foul Ball, location: 2F
0-2: Foul Ball, location: 2F
0-2: Ball
1-2: Strikes out swinging
Batting: RHB Gustavo Medine 0-0: Ball
1-0: Ball
2-0: Called Strike
2-1: Swinging Strike
2-2: Ball
3-2: Foul Ball, location: 2F
3-2: Base on Balls
Batting: LHB Pablo Alvarado 0-0: Fielders Choice at 2nd, 4-6 (Groundball, 34)
Top of the 7th over - 0 run(s), 0 hit(s), 0 error(s), 0 left on base; Ontario 5 - Punta Cana 2
BOTTOM OF THE 7TH
Punta Cana Hutias batting - Pitching for Ontario Emus : LHP Tom Martin
Batting: RHB Ben Kearley 0-0: Called Strike
0-1: Swinging Strike
0-2: Ball
1-2: Strikes out swinging
Batting: RHB Millard Ferguson 0-0: Ball
1-0: Called Strike
1-1: Ball
2-1: Swinging Strike
2-2: Strikes out looking
Batting: RHB Ricardo Murillo 0-0: Called Strike
0-1: Hit by Pitch
Batting: RHB Alejandro Ramírez 0-0: Fielders Choice at 2nd, 5-4 (Groundball, 5L)
Bottom of the 7th over - 0 run(s), 0 hit(s), 0 error(s), 0 left on base; Ontario 5 - Punta Cana 2
TOP OF THE 8TH
Ontario Emus batting - Pitching for Punta Cana Hutias : RHP Ed Weaver
Batting: LHB Elvin Summers 0-0: Ball
1-0: Ball
2-0: Swinging Strike
2-1: Called Strike
2-2: Foul Ball, location: 2F
2-2: Foul Ball, location: 2F
2-2: Ball
3-2: Foul Ball, location: 2F
3-2: DOUBLE (Groundball, 3L)
Batting: LHB Horace Kramer 0-0: Ball
1-0: Ball
2-0: Foul Ball, location: 2F
2-1: Swinging Strike
2-2: Foul Ball, location: 2F
2-2: SINGLE (Line Drive, 78S)
Elvin Summers to third
Pitching: RHP Nick Davis
Batting: RHB Jack Crossey 0-0: Foul Ball, location: 2F
0-1: Called Strike
0-2: Ball
1-2: Strikes out looking
Batting: RHB Álex Martínez 0-0: Ground out 5-3 (Groundball, 5)
Horace Kramer to second
Batting: RHB Bill Bourland 0-0: Swinging Strike
0-1: Ball
1-1: Ball
2-1: Swinging Strike
2-2: Ground out 6-3 (Groundball, 6)
Top of the 8th over - 0 run(s), 2 hit(s), 0 error(s), 2 left on base; Ontario 5 - Punta Cana 2
BOTTOM OF THE 8TH
Punta Cana Hutias batting - Pitching for Ontario Emus : LHP Tom Martin
Batting: RHB Edgardo Vásquez 0-0: Called Strike
0-1: Ground out 5-3 (Groundball, 56)
Batting: LHB Ernesto Meléndez 0-0: Foul Ball, location: 2F
0-1: SINGLE (Groundball, 6D)
Pitching: RHP Muneyaki Nakamura
Batting: LHB Juan Rodríguez 0-0: Fly out, F8 (Flyball, 78M)
Pitching: LHP Albert Martin
Batting: LHB Justin McCoy 0-0: Ball
1-0: Ball
2-0: Fly out, F9 (Flyball, 9S)
Bottom of the 8th over - 0 run(s), 1 hit(s), 0 error(s), 1 left on base; Ontario 5 - Punta Cana 2
TOP OF THE 9TH
Ontario Emus batting - Pitching for Punta Cana Hutias : RHP Nick Davis
Batting: SHB Pete Jones 0-0: Called Strike
0-1: Ball
1-1: Foul Ball, location: 2F
1-2: Ground out U3 (Groundball, 3)
Batting: RHB Álex Ochoa 0-0: Ball
1-0: Called Strike
1-1: Ball
2-1: Ball
3-1: Ground out 6-3 (Groundball, 6)
Batting: RHB Gustavo Medine 0-0: Foul Ball, location: 2F
0-1: Foul Ball, location: 2F
0-2: Ball
1-2: Fly out, F7 (Flyball, 7)
Top of the 9th over - 0 run(s), 0 hit(s), 0 error(s), 0 left on base; Ontario 5 - Punta Cana 2
BOTTOM OF THE 9TH
Punta Cana Hutias batting - Pitching for Ontario Emus : LHP Albert Martin
Pitching: LHP Walt MacKey
Batting: SHB Alonso Contrera 0-0: Swinging Strike
0-1: Ball
1-1: Swinging Strike
1-2: Strikes out swinging
Batting: RHB Ben Kearley 0-0: Swinging Strike
0-1: Foul Ball, location: 2F
0-2: Fly out, F8 (Flyball, 8RS)
Batting: RHB Millard Ferguson 0-0: Fly out, F3 (Flyball, 3DF)
Bottom of the 9th over - 0 run(s), 0 hit(s), 0 error(s), 0 left on base; Ontario 5 - Punta Cana 2
Thursday, March 30th, 2017 - OOTP Baseball 17.12 Build 75